cohdb
Replays
Latest Replays
All Replays
Popular Replays
Top Player Replays
Match Explorer
How It Works
Community
CoH3 Stats
Reddit
Sign in to upload your games and track your stats! →
Sign in with Steam
Match 41700570
Unlisted
Match 41700570
Overview
Messages
Build Orders
End
Construct Barracks
Selects Armored Battlegroup
Riflemen Squad
Selects Veteran Crews
Riflemen Squad
1⁄4-ton 4x4 Truck
Riflemen Squad
Mechanized Support Center
M1 Mortar Team
M1918 Browning Automatic Rifles
Selects Strength in Steel
Grenade Package
Construct Motor Pool
Construct Medical Station
Selects M8 Scott SPG
M8 Scott SPG
M1 Anti-tank Gun Team
Engineer Squad
Construct Weapon Support Center
Selects M31 Recovery Vehicle
M31 Recovery Vehicle
M3 Armored Personnel Carrier
Selects War Machine
Selects UNKNOWN (2160077)
M3 Armored Personnel Carrier
Rat Orgy
Mission
Disarmed
Unsafe
0
0
Comments
sign in to comment!
No comments posted yet!